 Dungeon Crawl Stone Soup version 0.25-a0-571-gb5e01bddfa (webtiles) character file.

Game seed: 11388275326530276069, levelgen mode: deterministic

47542 kae the Unseen (level 14, -2/84 HPs)
             Began as a Vampire Enchanter on Feb 29, 2020.
             Was the Champion of Dithmenos.
             Slain by an unseen horror (5 damage)
             ... on level 13 of the Dungeon.
             The game lasted 00:26:10 (17372 turns).

kae the Unseen (Vampire Enchanter)                 Turns: 17372, Time: 00:26:10

Health: -2/84      AC: 12    Str:  9    XL:     14   Next: 8%
Magic:  3/24       EV: 18    Int: 26    God:    Dithmenos [******]
Gold:   1004       SH:  0    Dex: 16    Spells: 1/27 levels left

rFire    . . .     SeeInvis +   a - +1 dagger of Cuicsov {freeze, MR+}
rCold    + + +     Gourm    .   (no shield)
rNeg     + + +     Faith    .   y - +3 troll leather armour
rPois    ∞         Spirit   .   k - +2 hat
rElec    +         Reflect  .   (no cloak)
rCorr    .         Harm     .   n - +2 pair of gloves
MR       +++..                  (no boots)
Stlth    ++++++++++             e - amulet of magic regeneration
HPRegen  0.00/turn              h - ring "Uwavvace" {*Contam rElec rC+ rN+ Int+7}
MPRegen  0.44/turn              r - ring of protection from magic

@: slightly contaminated, bloodless, wreathed by umbra, invisible
A: no food, fangs 3, see invisible, unbreathing
a: Bat Form, Revivify, Shadow Step, Shadow Form, Renounce Religion


You were on level 13 of the Dungeon.
You worshipped Dithmenos.
Dithmenos was exalted by your worship.
You were bloodless.

You visited 3 branches of the dungeon, and saw 20 of its levels.

You collected 1300 gold pieces.
You spent 296 gold pieces at shops.

Inventory:

Hand Weapons
 a - the +1 dagger of Cuicsov (weapon) {freeze, MR+}
   (You bought it in a shop on level 4 of the Dungeon)

   It has been specially enchanted to freeze those struck by it, causing extra
   injury to most foes and up to half again as much damage against particularly
   susceptible opponents.
   It can also slow down cold-blooded creatures.
   It affects your resistance to hostile enchantments.
 b - a +3 short sword of draining
Armour
 k - a +2 hat (worn)
 n - a +2 pair of gloves (worn)
 q - a +0 robe
 y - a +3 troll leather armour (worn)
Jewellery
 e - an amulet of magic regeneration (around neck)
 h - the ring "Uwavvace" (left hand) {*Contam rElec rC+ rN+ Int+7}
   (You found it on level 5 of the Dungeon)

   [ring of positive energy]

   It affects your intelligence (+7).
   It protects you from cold.
   It insulates you from electricity.
   It protects you from negative energy.
   It causes magical contamination when unequipped.
 r - a ring of protection from magic (right hand)
 z - an uncursed ring of ice
 A - an uncursed ring of flight
 C - a +2 ring of strength
 I - an uncursed ring of protection from cold
Wands
 s - a wand of paralysis (9)
 u - a wand of disintegration (11)
 B - a wand of iceblast (22)
 F - a wand of flame (5)
 J - a wand of random effects (17)
Scrolls
 d - a scroll of fear
 f - 8 scrolls of identify
 m - 2 scrolls of magic mapping
 o - 4 scrolls of amnesia
 t - 14 scrolls of teleportation
 x - 5 scrolls of fog
 E - a scroll of enchant armour
 H - 12 scrolls of remove curse
Potions
 c - a potion of resistance
 g - 5 potions of might
 i - 5 potions of curing
 j - 3 potions of flight
 l - 3 potions of stabbing
 p - 4 potions of mutation
 v - 4 potions of heal wounds
 w - a potion of invisibility
 D - 2 potions of lignification
 G - 2 potions of haste


   Skills:
 + Level 8.2 Fighting
 * Level 16.2 Short Blades
 + Level 10.1 Dodging
 + Level 16.6 Stealth
 - Level 7.0 Spellcasting
 - Level 10.1 Hexes


You had one spell level left.
You knew the following spells:

 Your Spells              Type           Power        Failure   Level  Hunger
a - Corona                Hex            ######.      1%          1    N/A
b - Ensorcelled Hibernat  Hex/Ice        #####.       1%          2    N/A
c - Confusing Touch       Hex            ######..     1%          3    N/A
d - Tukima's Dance        Hex            ######..     1%          3    N/A
e - Dazzling Flash        Conj/Hex       #####.       3%          3    N/A
f - Slow                  Hex            ######..     1%          2    N/A
g - Invisibility          Hex            ######..     22%         6    N/A
h - Swiftness             Chrm/Air       #.......     13%         2    N/A
i - Apportation           Tloc           #.....       9%          1    N/A
j - Summon Guardian Gole  Hex/Summ       #####...     3%          3    N/A

Your spell library contained the following spells:

 Spells                   Type           Power        Failure   Level  Hunger
 Animate Skeleton         Necr           N/A          9%          1    N/A
 Beastly Appendage        Tmut           #.....       9%          1    N/A
 Freeze                   Ice            #...         9%          1    N/A
 Magic Dart               Conj           #...         9%          1    N/A
 Shock                    Conj/Air       #...         9%          1    N/A
 Sting                    Tmut/Pois      #...         9%          1    N/A
 Summon Butterflies       Summ           #.......     9%          1    N/A
 Summon Small Mammal      Summ           #...         9%          1    N/A
 Blink                    Tloc           N/A          13%         2    N/A
 Call Imp                 Summ           #.......     13%         2    N/A
 Poisonous Vapours        Pois/Air       #.....       13%         2    N/A
 Sticks to Snakes         Tmut           #.......     13%         2    N/A
 Call Canine Familiar     Summ           #.......     26%         3    N/A
 Conjure Flame            Conj/Fire      #.......     26%         3    N/A
 Frozen Ramparts          Ice            #.....       26%         3    N/A
 Ignite Poison            Fire/Tmut/Pois #.......     26%         3    N/A
 Lesser Beckoning         Tloc           #.........   26%         3    N/A
 Mephitic Cloud           Conj/Pois/Air  #.......     26%         3    N/A
 Ozocubu's Armour         Chrm/Ice       #.......     26%         3    N/A
 Spider Form              Tmut/Pois      #.........   26%         3    N/A
 Static Discharge         Conj/Air       #.......     26%         3    N/A
 Summon Mana Viper        Hex/Summ       #####...     30%         5    N/A
 Airstrike                Air            #.........   65%         4    N/A
 Hailstorm                Conj/Ice       #.......     65%         4    N/A
 Ice Form                 Ice/Tmut       #.......     65%         4    N/A
 Olgreb's Toxic Radiance  Pois           #.......     65%         4    N/A
 Summon Ice Beast         Ice/Summ       #.......     65%         4    N/A
 Summon Lightning Spire   Summ/Air       #.......     65%         4    N/A
 Alistair's Intoxication  Tmut/Pois      #.......     94%         5    N/A
 Blade Hands              Tmut           #.........   94%         5    N/A
 Lightning Bolt           Conj/Air       #.........   94%         5    N/A
 Summon Hydra             Summ           #.........   100%        7    N/A

Dungeon Overview and Level Annotations

Branches:
Dungeon (13/15)            Temple (1/1) D:4            Lair (6/6) D:9
 Shoals (0/4) Lair:3        Snake (0/4) Lair:3        Slime (0/5) Lair:5
    Orc (0/2) D:10         Vaults (0/5) D:13

Altars:
Ashenzari
Cheibriados
Dithmenos
Elyvilon
Fedhas
Gozag
Hepliaklqana
Kikubaaqudgha
Makhleb
Nemelex Xobeh
Okawaru
Qazlal
Ru
Sif Muna
Trog
Uskayaw
Vehumet
Wu Jian
Xom
Yredelemnul
Zin
The Shining One

Shops:
D:4 (

Annotations:
D:8 3 runed translucent doors, Flugslaktarn's ghost, novice DDFi
D:13 2 transporters, Qaryups's ghost, journeyman DrSk
Lair:1 3 runed translucent doors, Flugslaktarn's ghost, journeyman DDFi
Lair:2 exclusion: oklob plant
Lair:5 exclusion: oklob plant


Innate Abilities, Weirdness & Mutations

You do not eat.
You do not regenerate when monsters are visible.
You are frail without blood (-20% HP).
You can heal yourself when you bite living creatures.
You are immune to poison.
You have razor-sharp teeth.
You have supernaturally acute eyesight. (SInv)
You can survive without breathing.


Message History

* * * LOW HITPOINT WARNING * * *
The centaur warrior shoots an arrow.
The arrow hits the vault guard!!
The vault guard hits you with a +0 great mace!
* * * LOW HITPOINT WARNING * * *
The unseen horror hits you but does no damage.
The unseen horror hits you but does no damage.
You see here an arrow.
The unseen horror completely misses you.
The unseen horror closely misses you.
A vampire mosquito comes into view.
The unseen horror completely misses you.
The vampire mosquito moves out of view.
Casting: Ensorcelled Hibernation (safe; 1% risk of failure)
Confirm with . or Enter, or press ? or * to list all spells.
Aiming: Ensorcelled Hibernation (safe; 1% risk of failure)
Press: ? - help, Shift-Dir - straight line, f - unseen horror
Aim: an unseen horror (slightly transparent, umbra, chance to defeat MR: 63%)
The unseen horror resists with significant effort.
The unseen horror hits you.
You die...

### ## ##.# #...########
#... .# ##..# #.......#
.#..c#§##§..# #...###.####
...OGc§#§§§.# ##..##......
.J.c.Op§c§§.######..##.###..
......§#§§§............# ..
.#...#p##p§§####.......# ..
#... .# ##..#.##....)..# #.
### ## ##@.#.#.......####.
##x###.........[...
##...#.###...######.
#.....## ##..# #. .......#.#
#..# #. #..#.....# #.<# #.
...######.# #..# #. .## #..
#..# #. ### #..# ##.


You could see a vault guard and an unseen horror (invisible).

Vanquished Creatures
  A vault guard (D:13)
  4 hydras
  Erica (D:8)
  2 two-headed ogres (D:11)
  An unseen horror (D:12)
  Pikel (D:8)
  4 cyclopes
  An ugly thing (D:11)
  6 elephants
  A centaur zombie (D:13)
  Maggie (D:9)
  3 centaur skeletons
  6 black mambas
  A gargoyle (D:11)
  16 spiny frogs
  A rime drake (Lair:1)
  A rime drake (shapeshifter) (D:13)
  2 efreet
  6 komodo dragons
  A polar bear (Lair:4)
  4 tyrant leeches (Lair:6)
  3 hornets
  4 trolls
  9 hippogriffs
  25 blink frogs
  4 slime creatures (D:13)
  2 wyverns
  A wraith (D:12)
  2 basilisks
  25 yaks
  3 hungry ghosts
  10 vampire mosquitoes
  A steam dragon (D:9)
  2 soldier ants (D:9)
  8 water moccasins
  9 porcupines
  4 slaves (D:8)
  3 ice beasts
  A phantom (D:7)
  An orc warrior (D:6)
  An eye of draining (D:11)
  3 sky beasts
  2 black bears
  A necrophage (D:12)
  3 centaurs
  8 ogres
  12 wolves
  13 crocodiles
  30 bullfrogs
  Blork the orc (D:4)
  2 scorpions
  2 wyvern skeletons (D:11)
  6 killer bees (D:10)
  15 wights
  7 electric eels
  3 crimson imps
  2 bullfrog zombies
  12 hounds
  A jelly (D:10)
  4 bullfrog skeletons
  5 orc priests
  12 orc wizards
  Crazy Yiuf (D:6)
  4 iguanas
  Terence (D:3)
  14 worker ants
  3 hound skeletons (D:4)
  A worker ant zombie (D:8)
  11 adders
  16 gnolls
  A howler monkey skeleton (D:10)
  A shadow imp (D:10)
  2 adder zombies
  4 worms
  A dart slug (D:3)
  7 leopard geckos
  53 orcs
  A ball python (D:4)
  11 giant cockroaches
  5 goblins
  8 hobgoblins
  3 jackals (D:3)
  8 kobolds
  4 quokkas
  5 bats
  4 frilled lizards
  2 leopard gecko zombies
  6 rats
503 creatures vanquished.

Vanquished Creatures (others)
  10 fungi
  28 plants
38 creatures vanquished.

Grand Total: 541 creatures vanquished

Notes
Turn   | Place    | Note
-------+----------+-------------------------------------------
     0 | D:1      | kae the Vampire Enchanter began the quest for the Orb.
     0 | D:1      | Reached XP level 1. HP: 13/13 MP: 3/3
   297 | D:1      | Reached XP level 2. HP: 19/19 MP: 5/5
   785 | D:2      | Learned a level 2 spell: Ensorcelled Hibernation
  1060 | D:2      | Reached XP level 3. HP: 24/24 MP: 6/6
  1262 | D:2      | Reached skill level 5 in Stealth
  1279 | D:2      | Reached skill level 5 in Hexes
  1313 | D:2      | Reached XP level 4. HP: 30/30 MP: 1/7
  1770 | D:3      | Noticed Terence
  1775 | D:3      | Killed Terence
  2027 | D:3      | Noticed a sky beast
  2077 | D:3      | Found a sacrificial altar of Ru.
  2096 | D:3      | Reached XP level 5. HP: 35/35 MP: 9/9
  2150 | D:3      | Found a faded altar of an unknown god.
  2443 | D:4      | Found a staircase to the Ecumenical Temple.
  2456 | D:4      | Reached XP level 6. HP: 41/41 MP: 6/10
  2460 | Temple   | Entered the Ecumenical Temple
  2648 | Temple   | Became a worshipper of Dithmenos the Shadowed
  2688 | D:4      | Found the +5 scythe "Finisher" {speed, eviscerate}
  3182 | D:4      | Reached skill level 5 in Short Blades
  3279 | D:4      | Found Yjupt's Weapon Shoppe.
  3287 | D:4      | Bought the +1 dagger of Cuicsov {freeze, MR+} for 296 gold
                  | pieces
  3391 | D:4      | Reached XP level 7. HP: 6/46 MP: 5/12
  3498 | D:4      | Noticed Blork the orc
  3525 | D:4      | Killed Blork the orc
  3752 | D:5      | Entered Level 5 of the Dungeon
  3755 | D:5      | Reached * piety under Dithmenos
  3803 | D:5      | Got a fine silver ring
  4284 | D:5      | Identified the ring "Uwavvace" {*Contam rElec rC+ rN+
                  | Int+7} (You found it on level 5 of the Dungeon)
  4367 | D:6      | Reached XP level 8. HP: 21/52 MP: 9/14
  4742 | D:6      | Found a runed translucent door.
  4743 | D:6      | Noticed Crazy Yiuf
  4835 | D:6      | Reached ** piety under Dithmenos
  5174 | D:6      | Found a radiant altar of Vehumet.
  5310 | D:6      | Learned a level 3 spell: Confusing Touch
  5314 | D:6      | Learned a level 3 spell: Tukima's Dance
  5318 | D:6      | Learned a level 3 spell: Dazzling Flash
  5455 | D:6      | Killed Crazy Yiuf
  5686 | D:7      | Reached skill level 5 in Spellcasting
  6294 | D:7      | Reached XP level 9. HP: 45/45 MP: 16/16
  6664 | D:8      | Noticed Pikel
  6684 | D:8      | Killed Pikel
  6684 | D:8      | Reached skill level 10 in Stealth
  6724 | D:8      | Found a runed translucent gate.
  6725 | D:8      | Found a runed translucent gate.
  6726 | D:8      | Found a runed translucent gate.
  6728 | D:8      | Noticed Flugslaktarn's ghost (novice DDFi)
  6730 | D:8      | Noticed a white ugly thing
  6894 | D:8      | Reached *** piety under Dithmenos
  7102 | D:8      | Noticed Erica
  7132 | D:8      | Killed Erica
  7132 | D:8      | Reached skill level 10 in Short Blades
  7132 | D:8      | Reached skill level 10 in Hexes
  7132 | D:8      | Reached XP level 10. HP: 50/50 MP: 19/19
  7443 | D:8      | Found a blossoming altar of Fedhas.
  7692 | D:9      | Noticed Maggie
  7696 | D:9      | Killed Maggie
  7757 | D:9      | Reached skill level 1 in Fighting
  7862 | D:9      | Found a staircase to the Lair.
  7918 | D:9      | Reached **** piety under Dithmenos
  8167 | D:9      | Found a shimmering blue altar of Sif Muna.
  8418 | D:10     | Entered Level 10 of the Dungeon
  8418 | D:10     | Found a staircase to the Orcish Mines.
  8770 | D:10     | Reached XP level 11. HP: 60/60 MP: 20/20
  9284 | Lair:1   | Entered Level 1 of the Lair of Beasts
  9322 | Lair:1   | Found a runed translucent gate.
  9323 | Lair:1   | Found a runed translucent gate.
  9324 | Lair:1   | Found a runed translucent gate.
  9326 | Lair:1   | Noticed Flugslaktarn's ghost (journeyman DDFi)
  9351 | Lair:1   | Reached skill level 5 in Dodging
 10271 | Lair:2   | Noticed an oklob plant
 10318 | Lair:2   | Reached ***** piety under Dithmenos
 10418 | Lair:2   | Noticed a four-headed hydra
 10810 | Lair:2   | Reached skill level 5 in Fighting
 10851 | Lair:2   | Reached XP level 12. HP: 65/68 MP: 8/21
 11137 | Lair:2   | Killed a four-headed hydra
 11285 | Lair:3   | Noticed a four-headed hydra
 11309 | Lair:3   | Killed a four-headed hydra
 11525 | Lair:3   | Noticed a seven-headed hydra
 11529 | Lair:3   | Killed a seven-headed hydra
 11775 | Lair:3   | Found a staircase to the Snake Pit.
 11937 | Lair:3   | Found a staircase to the Shoals.
 13041 | Lair:5   | Noticed a five-headed hydra
 13072 | Lair:5   | Killed a five-headed hydra
 13137 | Lair:5   | Learned a level 2 spell: Slow
 13144 | Lair:5   | Learned a level 6 spell: Invisibility
 13147 | Lair:5   | Learned a level 2 spell: Swiftness
 13212 | Lair:5   | You fall into a shaft and drop 1 floor!
 13212 | Lair:6   | Entered Level 6 of the Lair of Beasts
 13254 | Lair:6   | Reached skill level 15 in Stealth
 13476 | Lair:6   | Reached XP level 13. HP: 70/76 MP: 23/23
 13819 | Lair:6   | Reached skill level 15 in Short Blades
 14668 | Lair:5   | Found a staircase to the Slime Pits.
 15337 | D:9      | Learned a level 1 spell: Apportation
 15341 | D:9      | Learned a level 3 spell: Summon Guardian Golem
 15704 | D:11     | Found an ornate altar of the Wu Jian Council.
 15834 | D:11     | Reached ****** piety under Dithmenos
 16823 | D:13     | Reached skill level 10 in Dodging
 16838 | D:13     | Reached XP level 14. HP: 84/84 MP: 24/24
 17020 | D:13     | Found a transporter.
 17020 | D:13     | Noticed Qaryups's ghost (journeyman DrSk)
 17021 | D:13     | Found a transporter.
 17196 | D:13     | HP: 4/84 [rakshasa/+0 long sword (6)]
 17357 | D:13     | Found a gate to the Vaults.
 17367 | D:13     | HP: 3/84 [vault guard/+0 great mace (16)]
 17372 | D:13     | Slain by an unseen horror

Levels and vault maps discovered:
D:1:      erik_arrival_blinker_ship, layout_basic, minmay_cut_off
D:2:      layout_basic
D:3:      layout_rooms, nicolae_ru_sacrificial_ziggurat,
          chequers_ecumenical_altar_lobes, lightli_corner_chamber, uniq_terence
D:4:      layout_basic, minmay_temple_entry_arrows, first_ration, serial_shops,
          shop, minmay_misc_feat_ornament, minmay_stone_trees_medium,
          roderic_serpentine_path, uniq_blork_the_orc
D:5:      layout_rooms
D:6:      layout_basic, kennysheep_mini, uniq_crazy_yiuf_cottage
D:7:      layout_basic
D:8:      layout_cave_pods, fedhas_altar_4, gammafunk_ghost_split, uniq_erica,
          uniq_pikel
D:9:      kennysheep_blocky_room, layout_basic, tgw_sif, erik_lair_island,
          hangedman_pestilent_swarm, uniq_maggie
D:10:     layout_loops_ring, david_orc_2, hangedman_decor_riveting,
          minmay_tree_intersection
D:11:     layout_cave_pools, minmay_ruined_shrine
D:12:     layout_roguey, abandoned_shop
D:13:     layout_loops_ring, lightli_vaults_fourway_checkpoint,
          gammafunk_ghost_arena, basic_altar, uniq_snorg
Temple:   regret_index_temple_mists
Lair:1:   layout_cave_pods, gammafunk_ghost_necromancy
Lair:2:   layout_loops_ring, lemuel_fruit_fields, grunt_megastairs_1,
          minmay_lair_oklob_chamber, lemuel_fruit_tree,
          infiniplex_staircase_pool_2
Lair:3:   layout_cave_pods, elwin_shoals_entry_rooms, dummy_snake_entry,
          st_stairs_4
Lair:4:   layout_cave_pods, st_stairs_11, disabler_island
Lair:5:   layout_regular_city, minmay_slime_entry_oklob_enclosed
Lair:6:   minmay_lair_end_frog_pond, layout_regular_city, st_stairs_11,
          minivault_24

Skill      XL: |  1  2  3  4  5  6  7  8  9 10 11 12 13 |
---------------+----------------------------------------+-----
Short Blades   | 2 3 4 5 6 8 10 11 13 14 16 | 16.2
Stealth        | 5 6 7 9 10 12 13 15 16 | 16.6
Hexes          | 5 6 7 8 10 | 10.1
Spellcasting   | 3 4 5 6 7 |  7.0
Fighting       | 3 5 6 8 |  8.2
Dodging        | 4 6 8 10 | 10.1

Action                   |  1- 3 |  4- 6 |  7- 9 | 10-12 | 13-15 || total
-------------------------+-------+-------+-------+-------+-------++-------
Melee: Dagger            |   124 |    79 |   305 |   536 |   461 ||  1505
       Bite              |    11 |    11 |    18 |    39 |    48 ||   127
       Short sword       |       |    92 |       |       |       ||    92
 Cast: Corona            |     4 |       |     1 |       |     7 ||    12
       Ensorcelled Hiber |     7 |    49 |    87 |   141 |   108 ||   392
       Confusing Touch   |       |       |     5 |    15 |     6 ||    26
       Invisibility      |       |       |       |     1 |     3 ||     4
       Summon Guardian G |       |       |       |       |     1 ||     1
Invok: Shadow Step       |       |       |       |     1 |       ||     1
 Abil: Exsanguinate      |       |       |     1 |       |       ||     1
Evoke: Wand              |       |       |       |     1 |       ||     1
  Use: Scroll            |     4 |    10 |     3 |    16 |     3 ||    36
       Potion            |       |       |     3 |       |     1 ||     4
 Stab: Sleeping          |    13 |    33 |    77 |   147 |    98 ||   368
       Distracted        |     1 |       |     1 |     2 |     3 ||     7
       Confused          |       |       |     5 |    15 |     4 ||    24
       Invisible         |       |       |       |     5 |     1 ||     6
       Paralysed         |       |       |       |     1 |       ||     1
Armor: Robe              |    21 |    27 |    29 |     5 |       ||    82
       Skin              |       |       |     3 |       |       ||     3
       Troll leather arm |       |       |       |    95 |    68 ||   163
Dodge: Dodged            |    77 |    89 |   178 |   324 |   219 ||   887

Table legend:
 A = Non-vault XP
 B = Vault XP
 C = Vault XP percentage of total XP
 D = Non-vault monster count
 E = Vault monster count
 F = Vault count percentage of total count
                 A         B        C        D         E       F
            +---------+---------+-------+---------+---------+-------
      Total |   45114 |   22804 |  33.6 |     395 |     104 |  20.8
            +---------+---------+-------+---------+---------+-------
        D:1 |      29 |       3 |   9.4 |      17 |       2 |  10.5
        D:2 |      86 |       0 |   0.0 |      22 |       0 |   0.0
        D:3 |     136 |      38 |  21.8 |      25 |       1 |   3.8
        D:4 |     539 |      90 |  14.3 |      27 |       1 |   3.6
        D:5 |     346 |       0 |   0.0 |      20 |       0 |   0.0
        D:6 |    1008 |      39 |   3.7 |      34 |       1 |   2.9
        D:7 |    1146 |       0 |   0.0 |      25 |       0 |   0.0
        D:8 |     631 |    1603 |  71.8 |      12 |       2 |  14.3
        D:9 |    1126 |    2322 |  67.3 |      17 |      19 |  52.8
       D:10 |    3092 |      21 |   0.7 |      39 |       7 |  15.2
       D:11 |    1840 |    3632 |  66.4 |       9 |      10 |  52.6
       D:12 |    5844 |       0 |   0.0 |      28 |       0 |   0.0
       D:13 |    3367 |    1190 |  26.1 |      15 |       2 |  11.8
     Lair:1 |    4344 |       0 |   0.0 |      21 |       0 |   0.0
     Lair:2 |    8192 |     493 |   5.7 |      33 |       1 |   2.9
     Lair:3 |    4627 |     616 |  11.7 |      14 |       2 |  12.5
     Lair:4 |    1316 |     924 |  41.2 |       7 |       7 |  50.0
     Lair:5 |    4547 |       0 |   0.0 |      18 |       0 |   0.0
     Lair:6 |    2898 |   11833 |  80.3 |      12 |      49 |  80.3
            +---------+---------+-------+---------+---------+-------
